AoeStats
← 騷護士

Nomad

509898833Analyzed
4v4 RM · 4d ago on Sep 28, 2026· 45m 1s· 8 players
Game mode
Random Map
Map size
231×231
Population
200
Speed
Normal
Resources
Standard
Victory
Conquest
Starting age
Dark Age
Ending age
Imperial Age
RankedLock teamsTeams togetherTeam positionsShared explorationLock speedFull tech treeHidden civsTurbo modeCheats
Victory
Defeat
🇹🇼 Vietnamese · Taiwan
1753
+9
1656
+12
🇹🇼 Spanish · Taiwan
1531
+18
🇦🇷 Danes · Argentina
1522
+17
🇳🇱 Malay · Netherlands
1600
-15
🇹🇼 Danes · Taiwan
1578
-14
🇫🇷 Italians · France
1564
-14
🇨🇳 Dravidians · China
1557
-13
騷護士
2:59 Loom
22:28 Feudal Age
23:45 Town Watch
29:57 Castle Age
33:53 Double-Bit Axe
Simon Stokvis
3:06 Loom
14:45 Feudal Age
19:29 Castle Age
czj136
3:59 Loom
11:47 Feudal Age
12:31 Double-Bit Axe
20:00 Horse Collar
22:58 Castle Age
22:04 Fletching
24:02 Medium Warships
36:11 Town Watch
38:16 Gold Mining
45:48 Imperial Age
retaux
12:44 Feudal Age
15:16 Loom
17:43 Castle Age
16:12 Fishing Lines
16:17 Double-Bit Axe
18:30 Gillnets
18:50 Bow Saw
19:31 Wheelbarrow
21:52 Gold Mining
22:31 Hand Cart
22:02 Town Watch
27:02 Stone Mining
27:11 Fletching
27:23 Guard Tower
27:54 Ballistics
27:45 Masonry
28:10 Bodkin Arrow
33:12 Imperial Age
32:26 Padded Archer Armor
34:08 Bracer
35:57 Chemistry
35:28 Architecture
35:14 Horse Collar
36:26 Squires
37:30 Scale Mail Armor
37:41 Forging
39:01 Conscription
40:11 Chain Mail Armor
39:52 Arson
FUFU
3:28 Loom
13:28 Feudal Age
17:13 Castle Age
16:26 Fletching
26:40 Bodkin Arrow
26:42 Stone Mining
27:04 Town Watch
32:43 Gold Mining
33:55 Wheelbarrow
43:33 Hand Cart
默默默默默
4:50 Loom
14:40 Feudal Age
18:29 Castle Age
16:23 Gold Mining
16:16 Fishing Lines
16:54 Double-Bit Axe
17:03 Man-at-Arms
18:57 Arson
19:23 Scale Mail Armor
18:47 Long Swordsman
19:12 Gambesons
27:41 Town Watch
32:38 Wheelbarrow
33:52 Horse Collar
34:24 Bow Saw
38:21 Imperial Age
36:39 Scale Mail Armor
36:49 Forging
37:38 Chain Mail Armor
37:28 Squires
38:04 Hand Cart
39:31 Iron Casting
38:29 Two-Handed Swordsman
38:39 Capped Ram
41:23 Plate Mail Armor
43:59 Siege Ram
機會同學
5:38 Loom
14:00 Feudal Age
17:43 Castle Age
16:18 Double-Bit Axe
18:41 Bow Saw
18:24 Gold Mining
30:07 Wheelbarrow
34:39 Imperial Age
32:44 Padded Archer Armor
38:57 Two-Man Saw
38:52 Leather Archer Armor
38:53 Sappers
43:10 Ring Archer Armor
42:42 Horse Collar
Kevin的下分小幫手
5:55 Loom
21:00 Feudal Age
30:12 Double-Bit Axe
40:57 Castle Age
44:07 Horse Collar
Connection lost

Rejoining the realm…

Still unreachable

The connection could not be restored.

Session expired

The server has moved on; the page needs a fresh start.